 Dungeon Crawl Stone Soup version 0.32-a0-872-g59262bd (webtiles) character file.

Game seed: 17099748418108858781

23869 lyrin the Thaumaturge (level 12, -24/90 (97) HPs)
             Began as a Grey Draconian Wanderer on Mar 30, 2024.
             Was the Champion of Zin.
             Killed from afar by an orc sorcerer (39 damage)
             ... with a bolt of fire
             ... while paralysed by an orc sorcerer
             ... on level 1 of the Orcish Mines.
             The game lasted 00:33:15 (20769 turns).

lyrin the Thaumaturge (Grey Draconian Wanderer)    Turns: 20769, Time: 00:33:16

HP:   -24/90 (97)   AC: 16    Str: 13    XL:     12   Next: 75%
MP:   6/27          EV:  2    Int: 14    God:    Zin [******]
Gold: 2075          SH:  0    Dex: 16    Spells: 26/34 levels left

rFire   x . .        I - +0 quarterstaff (freeze)
rCold   + . .        (shield currently unavailable)
rNeg    . . .        (body armour unavailable)
rPois   .            (helmet restricted)
rElec   .            x - +0 cloak {Stlth+}
rCorr   .            v - +0 pair of gloves
SInv    .            A - +0 pair of boots {Fly}
Will    .....        b - amulet of regeneration
Stlth   +++          k - ring of ice
HPRegen 1.15/turn    (no ring)
MPRegen 0.20/turn

%: no passive effects
@: paralysed, flying, studying Throwing, drained
A: mud breath, mud-swimmer, AC +13, amphibious, unfitting armour, cold-blooded
a: Mud Breath, Renounce Religion, Recite, Vitalisation, Imprison, Sanctuary,
Donate Gold


You were on level 1 of the Orcish Mines.
You worshipped Zin.
Zin was exalted by your worship.
You visited 3 branches of the dungeon, and saw 14 of its levels.
You also visited: Bailey.

You collected 2250 gold pieces.
You donated 175 gold pieces to Zin.

Inventory:

Hand Weapons
 a - a +0 quarterstaff
 I - a +0 quarterstaff of freezing (weapon)
Missiles
 s - 6 curare-tipped darts (quivered)
 D - 2 throwing nets
Armour
 v - a +0 pair of gloves (worn)
 x - a +0 cloak of stealth (worn)
 A - a +0 pair of boots of flying (worn)
Jewellery
 b - an amulet of regeneration (around neck)
 d - an amulet of guardian spirit
 h - a +6 ring of dexterity
 k - a ring of ice (left hand)
 w - a ring of ice
 J - a +6 ring of strength
Wands
 C - a wand of iceblast (2)
 L - a wand of quicksilver (6)
Scrolls
 c - 2 scrolls of enchant armour
 e - a scroll of enchant weapon
 f - a scroll of brand weapon
 o - 3 scrolls of fear
 p - a scroll of fog
 r - 5 scrolls of vulnerability
 t - 3 scrolls of teleportation
 B - 3 scrolls of poison
 F - a scroll of immolation
 G - a scroll of butterflies
 H - 2 scrolls of blinking
Potions
 g - 2 potions of mutation
 i - a potion of magic {unknown}
 j - 5 potions of might
 l - 3 potions of curing
 m - a potion of degeneration {unknown}
 n - 2 potions of attraction {unknown}
 q - a potion of cancellation {unknown}
 u - 2 potions of invisibility {unknown}
 z - 4 potions of enlightenment
 E - 3 potions of haste {unknown}
 K - a potion of brilliance {unknown}
Miscellaneous
 y - a phantom mirror


   Skills:
 + Level 6.4 Fighting
 + Level 9.7 Staves
 - Level 0.9 Throwing
 + Level 7.5 Dodging
 - Level 2.0 Stealth
 * Level 11.7 Spellcasting
 - Level 2.0 Necromancy
 - Level 8.3 Fire Magic
 * Level 3.2 Air Magic
 * Level 6.9 Invocations
 - Level 1.0 Evocations


You had 26 spell levels left.
You knew the following spells:

 Your Spells              Type           Power      Damage    Failure   Level
a - Scorch                Fire           62%        2d7       1%          2
b - Plasma Beam           Fire/Air       12%        2x1d23    77%         6

Your spell library contained the following spells:

 Spells                   Type           Power      Damage    Failure   Level
 Necrotise                Necr           52%        1d6       3%          1
 Kiss of Death            Conj/Necr      44%        2d8       6%          1
 Apportation              Tloc           16%        N/A       9%          1
 Summon Small Mammal      Summ           32%        N/A       9%          1
 Jinxbite                 Hex            16%        N/A       13%         2
 Flame Wave               Conj/Fire      19%        2d7       16%         4
 Summon Blazeheart Golem  Fire/Summ      19%        N/A       16%         4
 Call Canine Familiar     Summ           8%         N/A       26%         3
 Dispel Undead            Necr           13%        3d9       36%         4
 Olgreb's Toxic Radiance  Alch           8%         N/A       65%         4
 Silence                  Hex/Air        6%         N/A       77%         5
 Alistair's Intoxication  Alch           5%         N/A       94%         5
 Irradiate                Conj/Alch      4%         3d13      94%         5
 Summon Mana Viper        Hex/Summ       8%         N/A       94%         5
 Summon Cactus Giant      Summ           4%         N/A       100%        6
 Manifold Assault         Tloc           4%         N/A       100%        7


Dungeon Overview and Level Annotations

Branches:
Dungeon (11/15)            Temple (1/1) D:5            Lair (0/5) D:11
    Orc (2/2) D:11            Elf (0/3) Orc:2        Bailey (visited)

Altars:
Ashenzari
Cheibriados
Dithmenos
Elyvilon
Fedhas
Gozag
Hepliaklqana
Kikubaaqudgha
Makhleb
Nemelex Xobeh
Okawaru
Qazlal
Ru
Sif Muna
Trog
Uskayaw
Vehumet
Wu Jian
Xom
Yredelemnul
Zin
The Shining One

Shops:
D:1 !   D:3 *   D:7 !   D:9 ?   D:11 [


Innate Abilities, Weirdness & Mutations

You can breathe torrents of mud.
You are unimpeded by mud.
Your dull iron-grey scales are very hard. (AC +13)
You are amphibious.
You cannot fit into any form of body armour.
You are cold-blooded and may be slowed by cold attacks.


Message History

Casting: Scorch (safe; 1% risk of failure)
Confirm with . or Enter, or press ? or * to list all spells.
Flames lash the orc sorcerer.
The orc sorcerer is moderately wounded.
The orc sorcerer's fire resistance burns away.
Casting: Scorch (safe; 1% risk of failure)
Confirm with . or Enter, or press ? or * to list all spells.
Flames lash the orc sorcerer.
The orc sorcerer is burned terribly!
The orc sorcerer is heavily wounded.
The orc sorcerer gestures at you while chanting.
You suddenly lose the ability to move!
The orc sorcerer gestures at you while chanting.
The bolt of fire hits you!!! The fire burns you terribly!
Ouch! That really hurt!
The orc sorcerer hits you but does no damage.
You can move again.
Casting: Scorch (safe; 1% risk of failure)
Confirm with . or Enter, or press ? or * to list all spells.
Flames lash the orc sorcerer.
The orc sorcerer is burned terribly!
The orc sorcerer is severely wounded.
The orc sorcerer casts a spell at you.
You shrug off the repeated paralysis!
Casting: Scorch (safe; 1% risk of failure)
Confirm with . or Enter, or press ? or * to list all spells.
Flames lash the orc sorcerer but do no damage.
The orc sorcerer gestures at you while chanting.
The bolt of negative energy hits you!!
You feel drained.
Casting: Scorch (safe; 1% risk of failure)
Confirm with . or Enter, or press ? or * to list all spells.
Flames lash the orc sorcerer.
The orc sorcerer is burned terribly!
The orc sorcerer is almost dead.
The orc sorcerer gestures at you while chanting.
You suddenly lose the ability to move!
The orc sorcerer hits you but does no damage.
The orc sorcerer points at you and mumbles some strange words.
The bolt of negative energy hits you!
You feel drained.
* * * LOW HITPOINT WARNING * * *
The orc sorcerer gestures at you while chanting.
The bolt of fire hits you!!! The fire burns you terribly!
You die...

... .. .....#. ..
. ....... ###.#..
.......###.#.....
........#......#.
.................
.................
.#.......@o.....#
.......>.........
##..#...#..##.#.#
######## #


You could see an orc sorcerer (combustible).

Vanquished Creatures
  Josephine (D:9)
  Fannar (D:10)
  A two-headed ogre (D:9)
  Sonja (D:11)
  Lodul (D:11)
  An arcanist (D:11)
  4 orc knights
  2 deep elf pyromancers (D:11)
  An ugly thing (D:10)
  2 manticores (D:11)
  Maurice (D:11)
  A cyclops (D:11)
  3 kobold blastminers
  An unseen horror (D:10)
  Psyche (D:10)
  6 trolls
  8 wraiths
  A vampire (D:10)
  A wyvern (D:7)
  Grum (D:8)
  10 yaks (D:9)
  A steam dragon (D:8)
  4 wargs
  Edmund (D:5)
  2 water moccasins
  29 orc warriors
  A black bear (D:6)
  A sky beast (D:7)
  2 ice beasts
  7 wolves
  10 centaurs
  11 ogres
  A phantom (D:6)
  Blork the orc (D:4)
  2 kobold brigands
  A bullfrog (D:7)
  6 scorpions
  A gnoll sergeant (D:4)
  17 wights
  6 killer bees
  A bombardier beetle (D:6)
  2 electric eels (D:11)
  Crazy Yiuf (D:2)
  A gnoll bouda (D:7)
  16 orc priests
  6 hounds
  3 jellies
  Natasha (thrice) (D:2)
  2 iguanas
  18 orc wizards
  Robin (D:2)
  12 gnolls
  7 adders
  A shadow imp (D:6)
  A white imp (D:5)
  2 ufetubi (D:6)
  4 ribbon worms
  65 orcs
  9 ball pythons
  3 bats
  4 endoplasms
  3 giant cockroaches
  16 goblins
  12 hobgoblins
  4 jackals (D:2)
  29 kobolds
  4 quokkas
  3 frilled lizards
  4 rats
390 creatures vanquished.

Vanquished Creatures (others)
  An orc (D:11)
1 creature vanquished.

Grand Total: 391 creatures vanquished

Notes
Turn   | Place    | Note
-------+----------+-------------------------------------------
     0 | D:1      | lyrin the Draconian Wanderer began the quest for the Orb.
     0 | D:1      | lyrin set off with the following items: a +0 quarterstaff,
                  | a +0 cloak, a scroll of fear; and the following spells
                  | available to memorise: Necrotise, Kiss of Death, Dispel
                  | Undead.
     0 | D:1      | Reached XP level 1. HP: 16/16 MP: 2/2
   345 | D:1      | Reached XP level 2. HP: 18/23 MP: 1/3
   484 | D:1      | Found Mirixtau's Distillery.
  1155 | D:2      | Reached XP level 3. HP: 23/28 MP: 4/4
  1472 | D:2      | Noticed Natasha
  1488 | D:2      | Killed Natasha
  1595 | D:2      | Noticed Natasha
  1600 | D:2      | Killed Natasha
  1601 | D:2      | Reached XP level 4. HP: 31/36 MP: 3/5
  1812 | D:2      | Noticed Robin
  1825 | D:2      | Killed Robin
  1989 | D:2      | Noticed Natasha
  2122 | D:2      | Killed Natasha
  2123 | D:2      | Reached skill level 1 in Stealth
  2123 | D:2      | Reached XP level 5. HP: 41/41 MP: 6/6
  2374 | D:2      | Found a runed translucent door.
  2375 | D:2      | Noticed Crazy Yiuf
  2779 | D:3      | Found Zin's Purification Station.
  2783 | D:3      | Found a glowing silver altar of Zin.
  2874 | D:3      | Became a worshipper of Zin the Law-Giver
  2874 | D:3      | Reached * piety under Zin
  2928 | D:4      | HP: 2/61 [poisoned by a scorpion]
  3103 | D:4      | Found a hazy altar of Hepliaklqana.
  3411 | D:4      | Noticed Blork the orc
  3442 | D:3      | Reached XP level 6. HP: 16/50 MP: 3/8
  3596 | D:4      | Found an ornate altar of the Wu Jian Council.
  3856 | D:4      | Reached ** piety under Zin
  4011 | D:4      | Killed Blork the orc
  4012 | D:4      | Reached skill level 2 in Spellcasting
  4364 | D:5      | Entered Level 5 of the Dungeon
  4376 | D:5      | Noticed an orc warrior
  4380 | D:5      | Your scales start taking on a dull iron-grey colour.
  4380 | D:5      | Reached XP level 7. HP: 56/56 MP: 10/10
  4456 | D:5      | Reached skill level 5 in Staves
  4457 | D:5      | Found a blossoming altar of Fedhas.
  4835 | D:5      | Found a staircase to the Ecumenical Temple.
  4871 | D:5      | Reached skill level 5 in Dodging
  5128 | D:4      | Reached skill level 3 in Spellcasting
  5128 | D:4      | Reached XP level 8. HP: 56/66 MP: 10/12
  5279 | D:5      | Noticed Edmund
  5323 | D:5      | Killed Edmund
  5388 | D:5      | Found a white marble altar of Elyvilon.
  5940 | D:5      | Found a basalt altar of Yredelemnul.
  5989 | Temple   | Entered the Ecumenical Temple
  6415 | D:6      | Found a shadowy altar of Dithmenos.
  6416 | D:6      | Found an ancient bone altar of Kikubaaqudgha.
  6417 | D:6      | Found a glowing golden altar of the Shining One.
  6477 | D:6      | Reached *** piety under Zin
  6515 | D:6      | Learned a level 2 spell: Scorch
  6700 | D:2      | Killed Crazy Yiuf
  6956 | D:7      | Found a sacrificial altar of Ru.
  7012 | D:7      | Reached skill level 4 in Spellcasting
  7023 | D:7      | Found a flagged portal.
  7039 | Bailey   | Entered a bailey
  7111 | Bailey   | Reached skill level 1 in Fire Magic
  7111 | Bailey   | Reached XP level 9. HP: 66/72 MP: 11/15
  7277 | Bailey   | Reached **** piety under Zin
  7277 | Bailey   | Reached ***** piety under Zin
  7614 | Bailey   | Reached skill level 5 in Fighting
  7707 | D:7      | Found Zirgh's Distillery.
  8046 | D:7      | Reached skill level 5 in Spellcasting
  8552 | D:6      | Found a sparkling altar of Nemelex Xobeh.
  8818 | D:6      | Reached skill level 1 in Invocations
  9200 | D:8      | Noticed Grum
  9336 | D:8      | Reached skill level 6 in Spellcasting
  9518 | D:8      | Killed Grum
  9519 | D:8      | Reached XP level 10. HP: 75/81 MP: 6/19
 10136 | D:8      | Found a hide-covered altar of Uskayaw.
 10681 | D:8      | Reached skill level 5 in Fire Magic
 11219 | D:9      | Reached skill level 7 in Spellcasting
 11575 | D:9      | Found a broken altar of Ashenzari.
 11931 | D:9      | Found Yroarareh's Magic Scroll Shop.
 12124 | D:9      | Noticed a two-headed ogre
 12137 | D:9      | Killed a two-headed ogre
 12336 | D:9      | Reached skill level 8 in Spellcasting
 12370 | D:9      | Reached XP level 11. HP: 71/89 MP: 5/23
 12746 | D:10     | Entered Level 10 of the Dungeon
 12746 | D:10     | Noticed Fannar
 12768 | D:10     | Killed Fannar
 12901 | D:10     | Noticed a brown ugly thing
 12914 | D:10     | Killed a brown ugly thing
 13422 | D:10     | Reached ****** piety under Zin
 13506 | D:10     | Noticed Psyche
 13563 | D:10     | Killed Psyche
 13571 | D:10     | Reached skill level 9 in Spellcasting
 13899 | D:10     | Noticed Josephine
 14351 | D:9      | Killed Josephine
 14625 | D:11     | Found Cofapep's Armour Shop.
 14781 | D:11     | Found a staircase to the Orcish Mines.
 14976 | D:10     | Reached skill level 5 in Invocations
 15212 | D:11     | Noticed Lodul
 15229 | D:11     | Reached skill level 10 in Spellcasting
 15308 | D:11     | Noticed a deep elf pyromancer
 15325 | D:11     | Found a staircase to the Lair.
 15328 | D:11     | Noticed an arcanist
 15607 | D:11     | Killed a deep elf pyromancer
 15672 | D:11     | Got Ts'ui PĂȘn's Omnibus of Forking Paths
 15679 | D:11     | Got the Octavo of Sand
 15689 | D:11     | Learned a level 6 spell: Plasma Beam
 15703 | D:11     | Got the Quarto of Dhcmrlchtdj
 15713 | D:11     | Noticed a deep elf pyromancer
 15917 | D:11     | Killed an arcanist
 15941 | D:11     | Noticed a deep elf pyromancer
 16096 | D:11     | Killed Lodul
 16097 | D:11     | Reached skill level 1 in Air Magic
 16256 | D:10     | Reached XP level 12. HP: 82/96 MP: 14/26
 16482 | D:11     | Noticed Sonja
 16494 | D:11     | Killed Sonja
 16709 | D:11     | Noticed Maurice
 16719 | D:11     | Something stole a ring of ice
 16720 | D:11     | Killed Maurice
 17188 | Orc:1    | Entered Level 1 of the Orcish Mines
 18420 | Orc:2    | Entered Level 2 of the Orcish Mines
 18420 | Orc:2    | Found a staircase to the Elven Halls.
 19305 | Orc:2    | Reached skill level 11 in Spellcasting
 20760 | Orc:1    | Paralysed by an orc sorcerer for 4 turns
 20766 | Orc:1    | Paralysed by an orc sorcerer for 4 turns
 20769 | Orc:1    | Killed from afar by an orc sorcerer

Illustrated notes

Levels and vault maps discovered:
D:1:      eino_arrival_tree_alley, layout_loops_ring, serial_shops, shop
D:2:      layout_basic, uniq_natasha, uniq_robin, uniq_crazy_yiuf_cottage
D:3:      layout_rooms, zin_purify, dreamdust_wishing_well
D:4:      layout_cave_pools, nicolae_wu_jian_immortal_techniques,
          mainiacjoe_overflow_surrounded_room, hangedman_decor_opposing,
          minmay_manual_maat, uniq_blork_the_orc
D:5:      layout_loops_ring, kennysheep_ying_yang, fedhas_ov_isle_minmay,
          minmay_temple_entry_glassed_door, corexii_shack, uniq_edmund
D:6:      layout_loops_corners, mainiacjoe_overflow_six_doors_small,
          chequers_temple_overflow_statue_of_worship
D:7:      layout_rooms, lemuel_round_altar, enter_bailey_4, serial_shops, shop,
          nicolae_ossuary_entry_plus, dreamdust_mushroom_princess,
          minmay_misc_feat_more_columns, dk_noncrumbling_4
D:8:      layout_gridville, nicolae_uskayaw_dance_hall, uniq_grum
D:9:      layout_basic, mainiacjoe_overflow_alcove_4, serial_shops, shop,
          serial_library_hellmonk_small_alcove, grunt_ministairs_5
D:10:     layout_roguey, uniq_fannar, uniq_psyche, uniq_josephine
D:11:     layout_long_grid, erik_lair_island, orc_david_3,
          bh_hangedman_babel_library, uniq_maurice, uniq_lodul, uniq_sonja
Temple:   hellmonk_temple_forest_ring
Orc:1:    layout_caves
Orc:2:    st_orc_rangers, layout_caves

Skill      XL: |  1  2  3  4  5  6  7  8  9 10 11 12 |
---------------+-------------------------------------+-----
Dodging        | 3 4 5 6 7 |  7.5
Staves         | 3 4 5 7 8 9 |  9.7
Fighting       | 2 3 4 5 6 |  6.4
Stealth        | 1 2 |  2.0
Spellcasting   | 2 3 4 6 8 10 11 | 11.7
Fire Magic     | 1 4 6 8 |  8.3
Invocations    | 1 3 5 6 |  6.9
Air Magic      | 1 3 |  3.2
Throwing       | |  0.9
Necromancy     | |  2.0
Evocations     | |  1.0

Action                     |  1- 3 |  4- 6 |  7- 9 | 10-12 || total
---------------------------+-------+-------+-------+-------++-------
  Melee: Quarterstaff      |   100 |   215 |   500 |   412 ||  1227
         Tailslap          |    12 |    27 |    76 |    69 ||   184
  Throw: Dart              |       |     7 |     1 |       ||     8
   Cast: Scorch            |       |       |    61 |   584 ||   645
 Invoke: Recite            |       |       |     1 |     2 ||     3
         Sanctuary         |       |       |     1 |       ||     1
Ability: Mud Breath        |       |       |     7 |     4 ||    11
  Evoke: Wand              |       |       |       |     9 ||     9
         Phantom mirror    |       |       |       |     1 ||     1
    Use: Potion            |       |     4 |       |       ||     4
         Scroll            |       |     1 |       |    14 ||    15
   Stab: Sleeping          |     2 |     4 |     4 |     1 ||    11
         Distracted        |       |       |     1 |       ||     1
 Armour: Skin              |    80 |   177 |   344 |   756 ||  1357
  Dodge: Dodged            |    64 |   189 |   400 |   825 ||  1478

Table legend: (Time is in decaauts)
 A = Elapsed time spent in this place.
 B = Non-inter-level travel time spent in this place.
 C = Inter-level travel time spent in this place.
 D = Time resting spent in this place.
 E = Time spent auto-exploring this place.
 F = Levels seen in this place.
 G = Mean time per level.
                   A        B        C        D        E       F      G
               +--------+--------+--------+--------+--------+-----+--------+
         Total |  20813 |  20214 |    599 |   6060 |   9390 |  15 | 1387.5 |
       Dungeon |  17266 |  16687 |    579 |   4325 |   8581 |  11 | 1569.6 |
        Temple |      1 |      1 |      0 |      0 |      0 |   1 |    1.0 |
  Orcish Mines |   2918 |   2898 |     20 |   1692 |    552 |   2 | 1459.0 |
        Bailey |    627 |    627 |      0 |     43 |    257 |   1 |  627.0 |
               +--------+--------+--------+--------+--------+-----+--------+

Top non-repeatable levels by time:
    D:11: 2553 daAuts
   Orc:1: 2239 daAuts
    D:10: 2128 daAuts
     D:9: 2056 daAuts
     D:2: 1775 daAuts
     D:8: 1705 daAuts
     D:4: 1607 daAuts
     D:5: 1461 daAuts
     D:7: 1418 daAuts
     D:6: 959 daAuts
     D:1: 944 daAuts
   Orc:2: 679 daAuts
     D:3: 655 daAuts
  Bailey: 627 daAuts
  Temple: 1 daAuts
